 Dungeon Crawl Stone Soup version 0.32-a0-329-ge6c31236d6 (webtiles) character file.

Game seed: 9449353975358463075

119126 juan097 the Arsonist (level 16, -3/146 HPs)
             Began as a Mountain Dwarf Fire Elementalist on Feb 16, 2024.
             Was the Champion of Beogh.
             Slain by a spark wasp (13 damage)
             ... on level 3 of the Swamp.
             The game lasted 02:44:05 (41708 turns).

juan097 the Arsonist (MDFE)                        Turns: 41708, Time: 02:44:06

Health: -3/146     AC: 24    Str: 19    XL:     16   Next: 27%
Magic:  0/30       EV:  9    Int: 29    God:    Beogh [******]
Gold:   1229       SH:  0    Dex: 10    Spells: 7/35 levels left

rFire   . . .        b - +5 morningstar of Infinite Pain {drain, Str+5}
rCold   + . .        (no shield)
rNeg    + . .        d - +4 chain mail {rN+}
rPois   .            r - +1 helmet
rElec   .            Q - +1 cloak
rCorr   .            l - +1 pair of gloves
SInv    +            B - +0 pair of boots "Maamnaku" {rC+ Regen+ Int+2 SInv}
Will    ++...        x - amulet of faith Stlth
                     o - ring of willpower
HPRegen 1.24/turn    p - +6 ring of intelligence {=R}
MPRegen 0.22/turn

%: faith
@: no status effects
A: walk on water, runic magic, artefact enchanting
a: Renounce Religion, Smiting, Recall Apostles, Blood for Blood, Dismiss
Koronagh, priest, Dismiss Garbold, warrior, Dismiss Bogbarth, wizard


You were on level 3 of the Swamp.
You worshipped Beogh.
Beogh was exalted by your worship.
You visited 4 branches of the dungeon, and saw 25 of its levels.
You also visited: Sewer and Gauntlet.

You collected 2679 gold pieces.
You spent 1450 gold pieces at shops.

Inventory:

Hand Weapons
 b - the +5 morningstar of Infinite Pain (weapon) {drain, Str+5}
   (You bought it in a shop on level 2 of the Orcish Mines)

   Str+5:     It affects your strength (+5).
 Z - the +6 whip "Kiarhayr" {flame, rF+ rC+}
   (You found it on level 1 of the Lair of Beasts)

   rF+:       It protects you from fire.
   rC+:       It protects you from cold.
Missiles
 j - 25 poisoned darts
 J - a throwing net
 M - 12 curare-tipped darts
Armour
 d - a +4 chain mail of positive energy (worn)
 l - a +1 pair of gloves (worn)
 r - a +1 helmet (worn)
 B - the +0 pair of boots "Maamnaku" (worn) {rC+ Regen+ Int+2 SInv}
   (You found it in a Gauntlet)

   Int+2:     It affects your intelligence (+2).
   rC+:       It protects you from cold.
   SInv:      It lets you see invisible.
   Regen+:    It increases your rate of health regeneration.
 Q - a +1 cloak (worn)
 R - an orb of energy
Magical Staves
 a - the staff of Defiance {rElec rF+ Conj}
   (You found it in a Gauntlet)

   [staff of conjuration]

   Base accuracy: +5 Base damage: 5 Base attack delay: 1.2 This weapon's minimum
   attack delay (0.6) is reached at skill level 12.
   rF+:       It protects you from fire.
   rElec:     It insulates you from electricity.
   Conj:      It increases the power of your Conjurations spells.
   It falls into the 'Staves' category.
   It is a one-handed weapon.
Jewellery
 f - a ring of flight
 g - a ring of see invisible
 m - a ring of positive energy
 o - a ring of willpower (left hand)
 p - a +6 ring of intelligence (right hand) {=R}
 x - an amulet of faith (around neck)
 L - a ring of protection from cold
 V - a ring of protection from fire
Wands
 q - a wand of flame (12)
 A - a wand of charming (32)
 C - a wand of acid (9)
 G - a wand of mindburst (40)
 K - a wand of iceblast (1)
 W - a wand of digging (8)
Scrolls
 c - 3 scrolls of teleportation
 e - a scroll of fear
 h - 3 scrolls of immolation
 i - 3 scrolls of identify
 s - 4 scrolls of revelation
 u - 2 scrolls of enchant armour
 v - 4 scrolls of poison
 y - 5 scrolls of blinking
 E - 2 scrolls of fog
 F - 3 scrolls of amnesia
 H - 6 scrolls of vulnerability
 I - 6 scrolls of enchant weapon
 X - a scroll of silence
Potions
 k - 9 potions of might
 t - 12 potions of curing
 w - 4 potions of brilliance
 z - 3 potions of resistance
 D - 3 potions of magic
 N - 7 potions of ambrosia
 O - a potion of invisibility
 P - a potion of lignification
 S - a potion of heal wounds
 U - 2 potions of haste
 Y - 2 potions of cancellation
Miscellaneous
 n - a phantom mirror
 T - a phial of floods


   Skills:
 + Level 14.1 Fighting
 - Level 10.0 Maces & Flails
 - Level 2.0 Throwing
 + Level 10.2 Armour
 - Level 4.0 Dodging
 - Level 5.0 Stealth
 - Level 10.0 Spellcasting
 + Level 9.1 Conjurations
 - Level 2.0 Hexes
 - Level 4.0 Translocations
 + Level 14.1 Fire Magic
 - Level 2.0 Alchemy
 - Level 12.0 Invocations
 - Level 8.0 Evocations


You had 7 spell levels left.
You knew the following spells:

 Your Spells              Type           Power      Damage    Failure   Level
a - Foxfire               Conj/Fire      100%       2x1d9     1%          1
b - Sting                 Conj/Alch      100%       1d9       1%          1
c - Fireball              Conj/Fire      35%        3d15      1%          5
d - Volatile Blastmotes   Fire/Tloc      100%       2d18      1%          3
e - Inner Flame           Hex/Fire       57%        N/A       1%          3
f - Flame Wave            Conj/Fire      70%        2d16      1%          4
g - Apportation           Tloc           74%        N/A       1%          1
h - Scorch                Fire           100%       2d9       1%          2
i - Starburst             Conj/Fire      35%        6d10      8%          6
j - Blink                 Tloc           74%        N/A       1%          2

Your spell library contained the following spells:

 Spells                   Type           Power      Damage    Failure   Level
 Magic Dart               Conj           100%       1d8       1%          1
 Shock                    Conj/Air       100%       1d9       1%          1
 Static Discharge         Conj/Air       82%        3-7/arc   1%          2
 Slow                     Hex            100%       N/A       2%          1
 Stone Arrow              Conj/Erth      82%        3d12      2%          3
 Ignite Poison            Fire/Alch      57%        N/A       2%          4
 Iskenderun's Mystic Bla  Conj/Tloc      51%        2d11      3%          4
 Iskenderun's Battlesphe  Conj           61%        2d11      3%          5
 Necrotise                Necr           56%        1d6       6%          1
 Sandblast                Erth           28%        2d8       6%          1
 Summon Small Mammal      Summ           56%        N/A       6%          1
 Fulminant Prism          Conj/Alch      23%        3d12      6%          4
 Confusing Touch          Hex            26%        N/A       8%          3
 Sigil of Binding         Hex            26%        N/A       8%          3
 Call Imp                 Summ           28%        N/A       9%          2
 Frozen Ramparts          Ice            28%        1d5       17%         3
 Passwall                 Erth           14%        N/A       17%         3
 Summon Ice Beast         Ice/Summ       14%        N/A       17%         3
 Swiftness                Air            14%        N/A       17%         3
 Vampiric Draining        Necr           14%        2d7       17%         3
 Leda's Liquefaction      Alch/Erth      10%        N/A       36%         4
 Petrify                  Alch/Erth      20%        N/A       36%         4
 Airstrike                Air            7%         2d(1-17)  50%         4
 Animate Armour           Summ/Erth      28%        N/A       50%         4
 Martyr's Knell           Necr/Summ      14%        N/A       50%         4
 Summon Lightning Spire   Summ/Air       14%        N/A       50%         4
 Metabolic Englaciation   Hex/Ice        10%        N/A       71%         5
 Summon Mana Viper        Hex/Summ       20%        N/A       71%         5
 Bombard                  Conj/Erth      20%        9d4       80%         6
 Curse of Agony           Necr           14%        N/A       85%         5
 Malign Gateway           Summ/Tloc      13%        N/A       100%        7
 Monstrous Menagerie      Summ           7%         N/A       100%        7
 Spellforged Servitor     Conj/Summ      20%        N/A       100%        7
 Summon Horrible Things   Summ           7%         N/A       100%        8
 Fire Storm               Conj/Fire      35%        8d9       100%        9
 Shatter                  Erth           7%         3d9*      100%        9


Dungeon Overview and Level Annotations

Branches:
Dungeon (15/15)            Temple (0/1) D:6            Lair (5/5) D:10
  Swamp (3/4) Lair:3        Snake (0/4) Lair:3        Slime (0/5) Lair:4
    Orc (2/2) D:12            Elf (0/3) Orc:2        Vaults (0/5) D:14
 Depths (0/4) D:15          Sewer (visited)         Gauntlet (visited)

Altars:
Ashenzari
Cheibriados
Hepliaklqana
Kikubaaqudgha
Makhleb
Ru
Sif Muna
Trog
Uskayaw
Wu Jian
Xom
The Shining One
Jiyva

Shops:
D:1 (   D:4 :   D:10 :[   D:11 [   D:15 =   Orc:2 ((*!**?[

Portals:
Trove: D:10 (give +4 storm dragon scales)

Annotations:
D:8 3 runed translucent doors, Driedwater's ghost, novice MDFi
Lair:1 3 runed translucent doors, Ofimafed's ghost, journeyman OpSh
Lair:4 2 transporters, 910rd's ghost, journeyman NaEn


Innate Abilities, Weirdness & Mutations

You can walk on water.
Your facial features are unmistakably orcish.
Your spellcasting is much less encumbered by armour.
You can use scrolls of enchantment on lesser artefacts.


Message History

The spark wasp attacks as it pursues you!
The spark wasp stings you. The spark wasp shocks you. You resist.
You see here a spark wasp corpse.
You feel stronger.
You sense an unholy aura.
b - the +5 morningstar of Infinite Pain (weapon)
{drain, Str+5} The spark wasp stings you!
The spark wasp shocks you!
You closely miss the spark wasp.
The spark wasp is heavily wounded.
The spark wasp stings you but does no damage.
The goliath frog hits you but does no damage.
The spark wasp closely misses you.
The goliath frog hits you but does no damage.
You closely miss the spark wasp.
The spark wasp is moderately wounded.
The spark wasp stings you. The spark wasp shocks you!
The goliath frog completely misses you.
Okay, then.
You closely miss the spark wasp.
The spark wasp is moderately wounded.
The spark wasp stings you but does no damage.
The goliath frog hits you but does no damage.
The spark wasp stings you! The spark wasp shocks you!
Koronagh is recalled.
Garbold is recalled.
Bogbarth is recalled.
The goliath frog hits you but does no damage.
The spark wasp stings you but does no damage.
You closely miss the spark wasp.
The spark wasp is moderately wounded.
The spark wasp stings you! The spark wasp shocks you!
* * * LOW HITPOINT WARNING * * *
The goliath frog hits you from afar.
* * * LOW HITPOINT WARNING * * *
You are splashed with acid!
* * * LOW HITPOINT WARNING * * *
Koronagh barely misses the spark wasp.
Garbold hits the spark wasp with the +1 great mace of Indomitability {holy, Int+5}!
The spark wasp stings you!
* * * LOW HITPOINT WARNING * * *
The spark wasp shocks you!
You die...

.≈~..♣♣♣♣♣♣♣♣♣~.~~÷~~~..♣....
≈≈...~~~♣~..~.~~~~~~~~.~~~~.§
≈......~~.~~~§~~~~§~~~§.....~
F.......†~~~~~~~~~~~~~~[.~~~.
...♣~~~§~~~§~~~~~~~~~~~~.÷..~
.♣~~~~§~.~~~~~.....~~~~.~~..
♣~~~~~~..F.§~..♣...§~....>..
♣~~~~~~~.♣♣yoo.~....~....~~.~
.~..~~~~§~♣o@.~♣♣♣♣♣♣♣~~.~~~.
...~.~~§~.♣♣♣♣♣♣ ♣♣~♣♣♣..<~~♣
.♣♣...~~~♣♣♣.♣♣ ♣..~~....~♣~
♣~§~§~~~~♣♣..♣ ♣.~~..~♣.÷~♣
♣♣~~~~~~~~~~§~♣♣♣♣<~~~§~~~..~
♣~~~~~...~~~..♣...~..~♣.....~
♣♣.....~♣.~~.♣♣♣~.♣~~~♣...~~~
♣.~~~)~~...~..♣♣.~♣♣♣♣♣..~~♣♣
♣.~~)~†~~~..~~~...♣♣♣♣~.~.♣♣♣


You could see a spark wasp (combustible, ally target), a goliath frog, the
friendly Bogbarth the orc apostle, the friendly Garbold the orc apostle and the
friendly Koronagh the orc apostle.

Vanquished Creatures
  Gastronok (Orc:1)
  Frances (D:14)
  Louise (D:14)
  3 eleionomae
  A minotaur (Gauntlet)
  3 bunyips
  A spark wasp (Swamp:3)
  A blizzard demon (Gauntlet)
  Josephine (D:14)
  11 hydras
  Fannar (Orc:1)
  Erolcha (Orc:2)
  3 catoblepae
  8 centaur warriors
  2 boulder beetles
  5 two-headed ogres
  6 alligators
  11 death yaks
  A tengu warrior (D:14)
  A skyshark (Lair:4)
  4 goliath frogs (Swamp:3)
  2 spriggan druids
  2 bog bodies (Swamp:2)
  3 skeletal warriors
  2 swamp dragons
  An arcanist (D:14)
  A necromancer (D:14)
  A lindwurm (Lair:1)
  4 orc knights
  4 deep elf pyromancers
  6 ugly things (D:15)
  3 wolf spiders
  3 manticores
  A moth of wrath (Gauntlet)
  5 elephants
  15 meliai
  3 kobold blastminers (Orc:2)
  6 cyclopes
  A torpor snail (Lair:2)
  6 black mambas
  An unseen horror (D:11)
  Maggie (D:8)
  12 cane toads
  A gargoyle (D:9)
  3 rime drakes
  4 kobold demonologists (D:10)
  An efreet (D:14)
  A rime drake (shapeshifter) (D:12)
  4 komodo dragons
  An ice devil (Gauntlet)
  4 trolls
  9 tyrant leeches
  A queen bee (shapeshifter) (D:15)
  2 bloated husks
  A hellwing (D:14)
  3 polar bears
  A wolf spider simulacrum (D:15)
  10 blink frogs
  A tarantella (Lair:1)
  8 hornets
  A queen bee (Lair:4)
  Prince Ribbit (D:9)
  A jumping spider (Lair:1)
  A shadow (D:11)
  7 wraiths
  2 centaur simulacra
  A vampire (D:11)
  5 spriggans
  71 yaks
  Grum (D:8)
  3 redbacks (Gauntlet)
  3 basilisks
  2 wargs (Orc:1)
  6 vampire mosquitoes
  9 swamp worms
  3 nagas (Lair:3)
  Edmund (D:5)
  15 water moccasins
  2 acid dragons (D:11)
  A sky beast (D:6)
  2 laughing skulls (D:14)
  4 black bears
  13 orc warriors
  8 ogres
  17 wolves
  15 centaurs
  A kobold brigand (D:11)
  Blork the orc (D:5)
  17 bullfrogs
  A scorpion (D:4)
  32 killer bees
  An electric eel (Lair:3)
  7 howler monkeys
  A crimson imp (D:7)
  A bombardier beetle (D:3)
  3 lava snakes (Lair:1)
  4 hounds
  A jelly (D:4)
  8 orc priests
  5 iguanas
  2 sleepcaps
  Jessica (D:2)
  2 gnoll boudas
  16 orc wizards
  8 gnolls
  8 adders
  A river rat (Sewer)
  A shadow imp (D:6)
  A white imp (Gauntlet)
  5 ufetubi
  2 dart slugs
  2 ribbon worms
  26 orcs
  10 endoplasms
  5 giant cockroaches
  3 goblins
  7 hobgoblins
  4 quokkas
  11 ball pythons
  4 bats
  2 frilled lizards (Sewer)
  18 kobolds
  18 rats
640 creatures vanquished.

Vanquished Creatures (collateral kills)
  An eleionoma (Swamp:1)
  An ettin (Orc:2)
  A centaur warrior (D:15)
  A catoblepas (Lair:5)
  A salamander mystic (D:15)
  2 skeletal warriors (D:15)
  A spriggan druid (Lair:3)
  An orc sorcerer (Lair:5)
  A manticore (shapeshifter) (D:15)
  A cane toad (Lair:3)
  2 komodo dragons
  A hornet (Lair:3)
  A yak (Lair:3)
  A water moccasin (Lair:3)
  3 killer bees (Lair:4)
  A butterfly (Lair:4)
  A foxfire (Lair:2)
21 creatures vanquished.

Vanquished Creatures (others)
  15 orc apostles
  A bloated husk (Swamp:2)
  A swamp worm (Swamp:2)
  2 orc warriors (Orc:2)
  A bullfrog (D:6)
  An adder (D:6)
  7 orcs
  655 foxfires
683 creatures vanquished.

Grand Total: 1344 creatures vanquished

Notes
Turn   | Place    | Note
-------+----------+-------------------------------------------
     0 | D:1      | juan097 the Mountain Dwarf Fire Elementalist began the
                  | quest for the Orb.
     0 | D:1      | Reached XP level 1. HP: 14/14 MP: 3/3
    52 | D:1      | Found Keewade's Antique Weapon Emporium.
   117 | D:1      | Reached skill level 1 in Conjurations
   212 | D:1      | Reached XP level 2. HP: 20/20 MP: 2/4
   239 | D:1      | Learned a level 2 spell: Scorch
   262 | D:1      | Learned a level 1 spell: Sting
   481 | D:1      | Reached XP level 3. HP: 26/26 MP: 4/6
  1466 | D:2      | Noticed Jessica
  1472 | D:2      | Killed Jessica
  1473 | D:2      | Reached XP level 4. HP: 33/33 MP: 2/7
  2331 | D:3      | Found a snail-covered altar of Cheibriados.
  2534 | D:3      | Reached XP level 5. HP: 38/38 MP: 3/8
  2670 | D:3      | Reached skill level 5 in Fire Magic
  3002 | D:3      | Found a faded altar of an unknown god.
  3069 | D:4      | Found Fuoklim's Tremendous Tomes.
  3293 | D:4      | Found a bloodstained altar of Trog.
  3343 | D:4      | Noticed an ogre
  3458 | D:4      | Killed an ogre
  3459 | D:4      | Reached skill level 1 in Alchemy
  3459 | D:4      | Reached XP level 6. HP: 42/45 MP: 4/9
  3507 | D:4      | Found a glowing drain.
  3571 | Sewer    | Entered a sewer
  4025 | Sewer    | Reached skill level 1 in Fighting
  4025 | Sewer    | Reached skill level 1 in Armour
  4025 | Sewer    | Reached XP level 7. HP: 50/52 MP: 3/10
  5106 | D:5      | Entered Level 5 of the Dungeon
  5111 | D:5      | Learned a level 3 spell: Volatile Blastmotes
  5255 | D:5      | Found a broken altar of Ashenzari.
  5270 | D:5      | Noticed Blork the orc
  5303 | D:5      | Killed Blork the orc
  5481 | D:5      | Noticed Edmund
  5840 | D:5      | Reached skill level 1 in Translocations
  6112 | D:5      | Found a hazy altar of Hepliaklqana.
  6112 | D:5      | Found an ornate altar of the Wu Jian Council.
  6475 | D:6      | Found an ancient bone altar of Kikubaaqudgha.
  6479 | D:6      | Reached XP level 8. HP: 62/63 MP: 8/12
  6727 | D:6      | HP: 3/66 [orc priest/divine providence (16)]
  6729 | D:6      | Became a worshipper of Beogh the Shepherd
  7384 | D:6      | Found a staircase to the Ecumenical Temple.
  7525 | D:6      | Learned a level 3 spell: Inner Flame
  7570 | D:6      | Found a hide-covered altar of Uskayaw.
  7643 | D:6      | Learned a level 4 spell: Flame Wave
  8061 | D:6      | Found a shimmering blue altar of Sif Muna.
  8095 | D:6      | Reached skill level 1 in Hexes
  8284 | D:5      | Killed Edmund
  8849 | D:7      | Found a burning altar of Makhleb.
  9017 | D:7      | Reached XP level 9. HP: 60/73 MP: 5/15
  9557 | D:7      | Reached skill level 5 in Fighting
  9796 | D:8      | Found a shimmering altar of Xom.
  9992 | D:8      | Noticed Maggie
 10001 | D:8      | Killed Maggie
 10002 | D:8      | Reached skill level 5 in Spellcasting
 10148 | D:8      | Noticed Grum
 10149 | D:8      | Reached * piety under Beogh
 10157 | D:8      | Killed Grum
 10158 | D:8      | Reached skill level 1 in Invocations
 10204 | D:8      | Reached skill level 1 in Evocations
 10393 | D:8      | Found a glowing golden altar of the Shining One.
 10480 | D:8      | Found a sacrificial altar of Ru.
 11098 | D:8      | Found a runed translucent gate.
 11098 | D:8      | Found a runed translucent gate.
 11098 | D:8      | Found a runed translucent gate.
 11101 | D:8      | Noticed Driedwater's ghost (novice MDFi)
 11140 | D:8      | Found a viscous altar of Jiyva.
 11335 | D:9      | Noticed Prince Ribbit
 11340 | D:9      | Killed Prince Ribbit
 11341 | D:9      | Reached XP level 10. HP: 83/84 MP: 7/18
 11584 | D:9      | Noticed a gargoyle
 12502 | D:10     | Entered Level 10 of the Dungeon
 12502 | D:10     | Found Omip Fuh's Book Emporium.
 12736 | D:10     | Reached skill level 1 in Throwing
 12810 | D:10     | Reached skill level 5 in Conjurations
 12897 | D:10     | Found a portal to a secret trove of treasure.
 13149 | D:10     | Noticed a manticore
 13164 | D:10     | Killed a manticore
 13294 | D:10     | Found a staircase to the Lair.
 13561 | D:9      | Killed a gargoyle
 13619 | D:10     | Reached ** piety under Beogh
 13803 | D:10     | Reached XP level 11. HP: 96/99 MP: 16/20
 13894 | D:10     | Reached skill level 10 in Fighting
 14233 | D:10     | Noticed a soul eater
 14951 | Lair:1   | Entered Level 1 of the Lair of Beasts
 15595 | Lair:1   | Found a runed translucent door.
 15707 | Lair:1   | Reached *** piety under Beogh
 15708 | Lair:1   | Reached skill level 5 in Armour
 15730 | Lair:1   | Identified the +4 halberd of the Thirsty Mice {freeze,
                  | ^Fragile rPois rC+ SInv}
 15730 | Lair:1   | Noticed Brunolf
 15750 | Lair:1   | Anointed Brunolf the priest as your apostle
 15872 | Lair:1   | Noticed a wolf spider
 15878 | Lair:1   | Your ally Brunolf died
 15879 | Lair:1   | Killed a wolf spider
 15993 | Lair:1   | Identified the +6 whip "Kiarhayr" {flame, rF+ rC+}
 15996 | Lair:1   | Identified the +0 hat of Demons {rElec Will- Regen+ Int-4
                  | Dex+3}
 16003 | Lair:1   | Found a runed translucent gate.
 16003 | Lair:1   | Found a runed translucent gate.
 16003 | Lair:1   | Found a runed translucent gate.
 16003 | Lair:1   | Found a runed translucent gate.
 16003 | Lair:1   | Found a runed translucent gate.
 16003 | Lair:1   | Found a runed translucent gate.
 16003 | Lair:1   | Noticed a lindwurm
 16003 | Lair:1   | Noticed a boulder beetle
 16140 | Lair:1   | Found a runed translucent gate.
 16140 | Lair:1   | Found a runed translucent gate.
 16140 | Lair:1   | Found a runed translucent gate.
 16142 | Lair:1   | Noticed a 12-headed hydra
 16142 | Lair:1   | Noticed Ofimafed's ghost (journeyman OpSh)
 16856 | Lair:2   | Reached skill level 1 in Maces & Flails
 16856 | Lair:2   | Reached skill level 10 in Fire Magic
 17181 | Lair:2   | Identified the +0 dagger "Empy" {protect, rF- rC++ SInv}
 17188 | Lair:2   | Anointed Learuk the wizard as your apostle
 17311 | Lair:2   | Reached XP level 12. HP: 32/106 MP: 13/23
 17868 | Lair:2   | Reached skill level 5 in Maces & Flails
 18228 | Lair:2   | Noticed an eight-headed hydra
 18254 | Lair:2   | Killed an eight-headed hydra
 18254 | Lair:2   | Reached **** piety under Beogh
 18351 | Lair:2   | Identified the +0 robe "Dessim Kuatz" {rN+ Int+5}
 18886 | Lair:2   | Your ally Learuk died
 18923 | Lair:2   | Your ally Brunolf died
 19089 | Lair:2   | Noticed a death yak
 19104 | Lair:2   | Killed a death yak
 19424 | Lair:3   | Reached skill level 5 in Invocations
 20263 | Lair:3   | Noticed Koronagh
 20276 | Lair:3   | Anointed Koronagh the priest as your apostle
 20367 | Lair:3   | Reached XP level 13. HP: 99/114 MP: 25/25
 20459 | Lair:3   | Your ally Brunolf died
 20463 | Lair:3   | Your ally Learuk died
 20940 | Lair:3   | Reached ***** piety under Beogh
 20941 | Lair:3   | Found a staircase to the Snake Pit.
 21048 | Lair:3   | Reached skill level 5 in Stealth
 21300 | Lair:3   | Found a staircase to the Swamp.
 21463 | Lair:4   | Found a viscous altar of Jiyva.
 21463 | Lair:4   | Found a staircase to the Slime Pits.
 21580 | Lair:4   | Learned a level 1 spell: Apportation
 22372 | Lair:4   | Noticed 910rd's ghost (journeyman NaEn)
 22514 | Lair:4   | Found a transporter.
 22514 | Lair:4   | Found a transporter.
 22521 | Lair:4   | Found a bloodstained altar of Trog.
 22526 | Lair:4   | Identified the +0 leather armour of Teug {Dex+5}
 22970 | Lair:5   | Entered Level 5 of the Lair of Beasts
 23850 | Lair:5   | Reached skill level 10 in Spellcasting
 24855 | Lair:5   | Reached XP level 14. HP: 106/126 MP: 12/28
 24861 | Lair:5   | Identified the +1 great mace of Indomitability {holy,
                  | Int+5}
 24887 | Lair:5   | Your ally Brunolf died
 24891 | Lair:5   | Anointed Garbold the warrior as your apostle
 25292 | Lair:5   | Your ally Koronagh died
 25932 | Lair:1   | Your ally Learuk died
 25960 | Lair:1   | Your ally Garbold died
 25962 | Lair:1   | Reached skill level 5 in Evocations
 26540 | D:11     | Reached ****** piety under Beogh
 26724 | D:11     | Found Yshocliy's Armour Emporium.
 27176 | D:11     | Identified the +6 mace of the Chickpea {freeze, rF- rN+++
                  | Dex-4 SInv}
 29055 | D:12     | Found a staircase to the Orcish Mines.
 29618 | Orc:1    | Entered Level 1 of the Orcish Mines
 29618 | Orc:1    | Noticed Fannar
 29628 | Orc:1    | Killed Fannar
 29861 | Orc:2    | Entered Level 2 of the Orcish Mines
 29865 | Orc:2    | Found a staircase to the Elven Halls.
 29891 | Orc:2    | Found Jingirir's Weapon Boutique.
 29908 | Orc:2    | Found Wyjeatsiahi's Magic Scroll Shop.
 30251 | Orc:2    | Found Syluvvus's Antique Weapon Shop.
 30706 | Orc:2    | Found Neygan's Assorted Antiques.
 30706 | Orc:2    | Found Zuhut's Distillery.
 30706 | Orc:2    | Found Cetuat's General Store.
 30709 | Orc:2    | Found Uhibb's General Store.
 30859 | Orc:2    | Found a transporter.
 30862 | Orc:2    | Found Teq Jeot's Armour Shop.
 30899 | Orc:2    | Your ally Learuk died
 30915 | Orc:2    | Identified the +2 robe of the Shore {rPois Will+ Int+3}
 30928 | Orc:2    | Anointed Hawl the wizard as your apostle
 31131 | Orc:2    | Your ally Koronagh died
 31190 | Orc:2    | Found a transporter.
 31247 | Orc:2    | Your ally Garbold died
 31417 | Orc:1    | Noticed Erolcha
 31457 | Orc:1    | Noticed Gastronok
 31570 | Orc:2    | Killed Erolcha
 31638 | Orc:1    | Killed Gastronok
 32056 | Orc:2    | Bought a dazzling morningstar for 279 gold pieces
 32056 | Orc:2    | Identified the +5 morningstar of Infinite Pain {drain,
                  | Str+5} (You bought it in a shop on level 2 of the Orcish
                  | Mines)
 32147 | Orc:2    | Bought a scroll of enchant weapon for 105 gold pieces
 32151 | Orc:2    | Bought a scroll of identify for 28 gold pieces
 32151 | Orc:2    | Bought a scroll of identify for 28 gold pieces
 32179 | Orc:2    | Bought a scroll of identify for 28 gold pieces
 32185 | Orc:2    | Bought a scroll of identify for 36 gold pieces
 32588 | D:4      | Bought the Tome of Distant Shores for 946 gold pieces
 32596 | D:4      | Learned a level 5 spell: Fireball
 32604 | D:4      | Learned a level 6 spell: Starburst
 32796 | D:13     | Found a gate leading to a gauntlet.
 32812 | Gauntlet | Entered a Gauntlet
 32812 | Gauntlet | Found a transporter.
 32812 | Gauntlet | Found a large runed translucent door.
 32812 | Gauntlet | Found a large runed translucent door.
 32812 | Gauntlet | Found a large runed translucent door.
 32812 | Gauntlet | Found a large runed translucent door.
 32812 | Gauntlet | Found a large runed translucent door.
 32812 | Gauntlet | Found a large runed translucent door.
 32812 | Gauntlet | Found a runed translucent door.
 32812 | Gauntlet | Found a runed translucent door.
 32812 | Gauntlet | Found a large runed translucent door.
 32812 | Gauntlet | Found a large runed translucent door.
 32812 | Gauntlet | Found a large runed translucent door.
 32812 | Gauntlet | Found a large runed translucent door.
 32812 | Gauntlet | Found a large runed translucent door.
 32812 | Gauntlet | Found a large runed translucent door.
 32843 | Gauntlet | Found a transporter.
 32863 | Gauntlet | Found a transporter.
 32867 | Gauntlet | Found a transporter.
 32881 | Gauntlet | Found a transporter.
 32894 | Gauntlet | Found a transporter.
 32899 | Gauntlet | Found a transporter.
 32903 | Gauntlet | Found a transporter.
 32905 | Gauntlet | Found a runed translucent gate.
 32905 | Gauntlet | Found a runed translucent gate.
 32906 | Gauntlet | Found a large runed translucent door.
 32906 | Gauntlet | Found a large runed translucent door.
 32907 | Gauntlet | Found a runed translucent gate.
 32926 | Gauntlet | Found a transporter.
 32934 | Gauntlet | Found a transporter.
 32936 | Gauntlet | Found a large runed translucent door.
 32936 | Gauntlet | Found a large runed translucent door.
 32942 | Gauntlet | Found a transporter.
 32959 | Gauntlet | Found a transporter.
 33108 | Gauntlet | Identified the +0 hat of the Tsukumogami {rC+ Int+4}
 33335 | Gauntlet | Identified the +0 pair of boots "Maamnaku" {rC+ Regen+
                  | Int+2 SInv}
 33497 | Gauntlet | Identified the staff of Defiance {rElec rF+ Conj}
 33498 | Gauntlet | Got the Almanac of the Overcast Mantle
 33639 | D:13     | Identified the +6 arbalest "Ques" {heavy, rC+ rN++ Int+3
                  | Dex-4}
 33733 | D:13     | Reached XP level 15. HP: 115/134 MP: 18/29
 34170 | D:13     | Reached skill level 10 in Invocations
 34921 | D:14     | Noticed Frances
 34937 | D:14     | Killed Frances
 35235 | D:14     | Reached skill level 10 in Maces & Flails
 35548 | D:14     | Noticed Louise
 35555 | D:14     | Killed Louise
 35889 | D:14     | Found a gate to the Vaults.
 35940 | D:14     | Noticed Josephine
 35945 | D:14     | You fall into a shaft and drop 1 floor!
 35945 | D:15     | Entered Level 15 of the Dungeon
 36370 | D:15     | Reached skill level 10 in Armour
 36660 | D:15     | Found Tiri's Jewellery Shop.
 36791 | D:15     | Your ally Koronagh died
 36794 | D:15     | Your ally Hawl died
 36798 | D:15     | Your ally Garbold died
 37042 | D:15     | Found a staircase to the Depths.
 37716 | D:14     | Killed Josephine
 37999 | D:14     | Anointed Bogbarth the wizard as your apostle
 38395 | Swamp:1  | Entered Level 1 of the Swamp
 39837 | Swamp:2  | Learned a level 2 spell: Blink
 39999 | Swamp:2  | Reached XP level 16. HP: 145/145 MP: 15/30
 40418 | Swamp:2  | Paralysed by a hornet for 2 turns
 41708 | Swamp:3  | Slain by a spark wasp

Illustrated notes

Levels and vault maps discovered:
D:1:      minmay_arrival_hallway, layout_basic, serial_shops,
          nicolae_shop_rolling_square
D:2:      layout_loops_corners, uniq_jessica
D:3:      layout_rooms, slow_altar_1, hellmonk_ecumenical_altar_inner_sanctum,
          dk_noncrumbling_2, minmay_fractal_squares_5
D:4:      kennysheep_spiral_hall, layout_basic,
          mainiacjoe_overflow_concentric_impassable, gup_sewer_entry_glass,
          minmay_misc_feat_doors, nicolae_shop_i_like_big_books,
          dk_noncrumbling_3
D:5:      layout_gridville, lemuel_crystal_altar,
          gammafunk_temple_overflow_elements, serial_co_window_serial,
          co_window_corner_a, co_window_cross_1, co_window_corner_a,
          co_window_corner_a, co_window_paths_a, co_window_corner_b,
          co_window_broadway_a, co_window_of_opportunity_c,
          co_window_of_opportunity_c, co_window_broadway_c, glass_columns_a,
          glass_columns_c, uniq_edmund, uniq_blork_the_orc
D:6:      layout_loops_ring, mainiacjoe_overflow_24_doors,
          nicolae_uskayaw_murder_on_the_dancefloor, led_sif_book,
          minmay_temple_entry_proselytizer, minmay_fractal_squares_diagonal_5
D:7:      layout_cave_pods, makhleb_grotto_becter
D:8:      layout_gridville, mainiacjoe_overflow_chevrons, amcnicky_altar_gilded,
          kennysheep_mini, gammafunk_ghost_ooze, uniq_maggie, uniq_grum
D:9:      layout_irregular_city, chequers_serial_rivers_micro_e,
          uniq_prince_ribbit1
D:10:     layout_basic, dpeg_lair_monsters, nicolae_trove_entry_diagonal,
          serial_shops, shop
D:11:     layout_grid_maze, serial_shops, nicolae_shop_statue_plus
D:12:     minmay_the_grid_triangle_9x9_recursive_2_mashed
          [minmay_the_grid_triangle_9x9_prize_top_heavy,
          minmay_the_grid_triangle_9x9_swiss_cheese,
          minmay_the_grid_triangle_9x9_flanged_cone,
          minmay_the_grid_triangle_9x9_steps], layout_cross, david_orc_4
D:13:     layout_gridville, gauntlet_entry_generic,
          serial_library_regret_index_double_sided
D:14:     layout_irregular_city, david_vaults_1, minivault_11,
          serial_co_window_serial, co_window_of_opportunity_a,
          co_window_paths_a, co_window_corner_a, co_window_paths_a,
          co_window_paths_a, co_window_unsneaky_path_a, co_window_2corner,
          co_window_paths_c, co_window_2corner, co_window_paths_d,
          glass_columns_c, glass_columns_a, glass_columns_b, glass_columns_b,
          uniq_josephine, uniq_frances, uniq_louise
D:15:     hangedman_depths_entry_try_elsewhere_first, layout_rooms,
          minmay_misc_feat_five, serial_shops, nicolae_shop_window_shopping
Lair:1:   gammafunk_indiana_jones, layout_gridlike, gammafunk_ghost_hydra_chop
Lair:2:   nzn_winding_woodlands_three_and_one
          [nzn_winding_woodlands_5x15_crooked,
          nzn_winding_woodlands_5x15_lazy_stream,
          nzn_winding_woodlands_5x15_jagged,
          nzn_winding_woodlands_center_pierced_h], layout_regular_city,
          lemuel_old_faithful
Lair:3:   layout_cave_pods, mainiacjoe_swamp_entry_angry_trees,
          nicolae_snake_entry_squirm, minivault_23, fungi_pond_lemuel,
          kennysheep_catoblepas_arena
Lair:4:   layout_long_grid, slime_entry_1, special_room [special_room_bee],
          gammafunk_ghost_wrathful_warriors, lemuel_fruit_fields,
          serial_bayou_shore_b
Lair:5:   evilmike_catoblepas_cave, layout_misc_corridors, grunt_megastairs_3,
          serial_bayou_shore_b
Swamp:1:  layout_basic_swamp, evilmike_swamp_ruin_house_6
Swamp:2:  layout_falls_marsh, nicolae_swamp_bean_lake, swamp_pool_1_2
Swamp:3:  layout_basic_swamp, evilmike_swamp_ruin_house_4, swamp_pool_1_2,
          nicolae_swamp_catching_bugs
Orc:1:    layout_caves, uniq_erolcha, uniq_fannar, uniq_gastronok
Orc:2:    st_orc_rangers, layout_caves, serial_shops, nicolae_shop_hallway_plus,
          nicolae_square_shop, nicolae_shop_advertising_works
          [nicolae_subvault_shop_adworks], nicolae_shop_drivethru,
          minmay_orc_barracks

Skill      XL: |  1  2  3  4  5  6  7  8  9 10 11 12 13 14 15 16 |
---------------+-------------------------------------------------+-----
Conjurations   | 1 2 3 4 5 6 7 9 |  9.1
Spellcasting   | 2 3 4 5 6 7 8 10 | 10.0
Fire Magic     | 4 5 6 8 10 11 13 14 | 14.1
Stealth        | 2 3 4 5 |  5.0
Alchemy        | 1 2 |  2.0
Fighting       | 1 3 4 6 9 10 12 13 14 | 14.1
Armour         | 1 2 6 7 8 9 10 | 10.2
Translocations | 1 2 4 |  4.0
Hexes          | 1 2 |  2.0
Invocations    | 3 4 5 8 9 11 12 | 12.0
Evocations     | 2 4 6 7 8 |  8.0
Throwing       | 2 |  2.0
Dodging        | 2 3 4 |  4.0
Maces & Flails | 3 8 9 10 | 10.0

Action                     |  1- 3 |  4- 6 |  7- 9 | 10-12 | 13-15 | 16-18 || total
---------------------------+-------+-------+-------+-------+-------+-------++-------
  Melee: Short sword       |     9 |    33 |    24 |       |       |       ||    66
         Flail             |       |       |    15 |    31 |       |       ||    46
         Whip              |       |       |       |    25 |    46 |       ||    71
         Morningstar       |       |       |       |       |    58 |    22 ||    80
         Staff             |       |       |       |       |    23 |       ||    23
  Throw: Dart              |       |       |     2 |    16 |    16 |       ||    34
         Throwing net      |       |       |       |       |     1 |       ||     1
   Cast: Foxfire           |    41 |    69 |   118 |    86 |   121 |       ||   435
         Scorch            |     3 |    23 |    81 |   132 |   270 |    11 ||   520
         Sting             |       |     2 |     2 |     2 |       |       ||     6
         Inner Flame       |       |       |    12 |    34 |    54 |       ||   100
         Volatile Blastmot |       |       |     6 |    35 |     7 |       ||    48
         Flame Wave        |       |       |     2 |    43 |    86 |     2 ||   133
         Fireball          |       |       |       |       |   117 |    41 ||   158
         Starburst         |       |       |       |       |     1 |     2 ||     3
         Blink             |       |       |       |       |       |     1 ||     1
 Invoke: Convert to Beogh  |       |       |     1 |       |       |       ||     1
         Recruit Apostle   |       |       |       |     3 |     3 |       ||     6
         Recall Apostles   |       |       |       |       |     7 |     1 ||     8
         Dismiss Apostle   |       |       |       |       |     3 |       ||     3
         Smiting           |       |       |       |       |     1 |       ||     1
  Evoke: Wand              |       |       |     6 |     7 |    18 |       ||    31
         Phial of floods   |       |       |       |       |     1 |       ||     1
         Phantom mirror    |       |       |       |       |     1 |       ||     1
    Use: Potion            |       |     1 |       |     2 |     6 |       ||     9
         Scroll            |       |     2 |    10 |    10 |    21 |       ||    43
   Stab: Distracted        |       |       |       |       |     1 |       ||     1
 Armour: Robe              |    11 |    16 |       |       |       |       ||    27
         Ring mail         |       |    28 |    84 |       |       |       ||   112
         Acid dragon scale |       |       |    12 |   237 |   403 |       ||   652
         Skin              |       |       |       |     8 |       |       ||     8
         Chain mail        |       |       |       |       |   310 |    94 ||   404
  Dodge: Dodged            |    15 |    35 |    57 |   144 |   302 |    19 ||   572

Table legend: (Time is in decaauts)
 A = Elapsed time spent in this place.
 B = Non-inter-level travel time spent in this place.
 C = Inter-level travel time spent in this place.
 D = Time resting spent in this place.
 E = Time spent auto-exploring this place.
 F = Levels seen in this place.
 G = Mean time per level.
                   A        B        C        D        E       F      G
               +--------+--------+--------+--------+--------+-----+--------+
         Total |  41788 |  38911 |   2877 |   1668 |  30448 |  27 | 1547.7 |
       Dungeon |  22992 |  21361 |   1631 |   1055 |  16763 |  15 | 1532.8 |
          Lair |  11513 |  10805 |    708 |    481 |   8427 |   5 | 2302.6 |
         Swamp |   3188 |   3118 |     70 |      2 |   2690 |   3 | 1062.7 |
  Orcish Mines |   2761 |   2294 |    467 |      8 |   1706 |   2 | 1380.5 |
         Sewer |    587 |    587 |      0 |     36 |    411 |   1 |  587.0 |
      Gauntlet |    745 |    745 |      0 |     86 |    451 |   1 |  745.0 |
               +--------+--------+--------+--------+--------+-----+--------+

Top non-repeatable levels by time:
  Lair:2: 2992 daAuts
  Lair:5: 2419 daAuts
    D:10: 2383 daAuts
  Lair:1: 2291 daAuts
  Lair:3: 1989 daAuts
    D:14: 1979 daAuts
   Orc:2: 1935 daAuts
  Lair:4: 1820 daAuts
     D:5: 1801 daAuts
     D:6: 1720 daAuts
     D:8: 1663 daAuts
    D:11: 1633 daAuts
     D:9: 1617 daAuts
    D:15: 1595 daAuts
    D:12: 1546 daAuts
